Map: Dusk Towers

Players

blackxored - Winner!

  • Race: Zerg Zerg
  • League: Diamond

GGoSu

  • Race: Zerg Zerg
  • League: Platinum

VOD

Have the link to the VOD?

Description

Time

  • Played on: July 1, 2016, 4:30 p.m.
  • Length: 3:45
Show
View Real Time Build Order
Export as new Build Order

blackxored Zerg - Winner!

Build Orders: Pool First 

Get SALT Encoding   

  12  0:01  Drone  
  13  0:08  Drone  
  14  0:22  Extractor  
  14  0:23  Drone  
  14  0:31  Spawning Pool  
  14  0:35  Drone  
  14  0:44  Overlord  
  14  0:56  Extractor, Drone  
  15  1:05  Drone x2  
  17  1:16  Drone  
  18  1:19  Queen  
  18  1:24  Overlord  
  20  1:31  Metabolic Boost  
  20  1:54  Baneling Nest  
  20  1:57  Zergling x6  
  22  2:09  Zergling x2  
  23  2:23  Drone  
  23  2:28  Zergling x2  
  23  2:29  Zergling x4  
  27  2:31  Hatchery  
  27  2:37  Drone  
  27  2:47  Zergling x2  
  28  2:56  Zergling x2  
  29  3:01  Zergling x2  
  29  3:03  Overlord  
  30  3:05  Baneling  
  30  3:06  Baneling x4  
  30  3:25  Zergling x2  
  30  3:26  Zergling x4  
Show
View Real Time Build Order
Export as new Build Order

GGoSu Zerg 

Build Orders: Hatch First 

Get SALT Encoding   

  12  0:01  Drone  
  13  0:12  Overlord  
  13  0:17  Drone  
  14  0:30  Drone  
  14  0:34  Drone  
  14  0:35  Drone  
  17  0:50  Drone  
  18  0:58  Drone  
  18  1:00  Hatchery  
  18  1:04  Extractor  
  18  1:10  Drone  
  18  1:16  Spawning Pool  
  17  1:18  Drone  
  18  1:28  Drone  
  19  1:43  Overlord  
  19  2:04  Drone x2  
  19  2:05  Queen  
  23  2:12  Queen  
  23  2:13  Zergling x4  
  27  2:22  Drone  
  28  2:24  Metabolic Boost  
  28  2:28  Drone  
  29  2:33  Drone  
  29  2:36  Drone  
  32  2:44  Drone  
  32  2:50  Drone  
  33  2:52  Baneling Nest  
  32  3:00  Drone x2  
  34  3:06  Drone x2  
  36  3:18  Overlord  
  36  3:25  Hatchery  
Tags
 
Add a new tag
Caveats
  • Supply blocks, unpowered buildings, or Contaminate may cause inaccurate times.
  • Supply counts are checked every 10 seconds.